 Dungeon Crawl Stone Soup version 0.17-a0-1642-gd4b747b (webtiles) character file.

10241 karlkraus the Basher (level 11, 0/97 HPs)
             Began as a Minotaur Fighter on Aug 9, 2015.
             Was an Initiate of Ru.
             Slain by an eight-headed hydra (2 damage)
             ... on level 2 of the Lair of Beasts.
             The game lasted 00:31:24 (7503 turns).

karlkraus the Basher (Minotaur Fighter)             Turns: 7503, Time: 00:31:24

Health: 0/97       AC: 14    Str: 21    XL:     11   Next: 33%
Magic:  10/10      EV: 26    Int:  7    God:    Ru [......]
Gold:   170        SH: 10    Dex: 25    Spells: 0 memorised, 10 levels left

rFire  . . .     SeeInvis .     I - +4 flail
rCold  . . .     Clarity  .     f - +3 ring mail
rNeg   . . .     SustAt   .     a - +2 buckler {reflect}
rPois  .         Gourm    .     (helmet restricted)
rElec  .         Spirit   .     i - +0 cloak
rCorr  .         Warding  .     p - +1 pair of gloves
rMut   .         Stasis   .     M - +0 pair of boots
MR     .....                    (no amulet)
Stlth  ..........               t - +2 ring of dexterity
                                H - +5 ring of dexterity

@: agile, not resistant to hostile enchantments, extremely unstealthy
A: retaliatory headbutt, hooves 1, horns 2, clever 1, mutation resistance 1, no
stealth
a: Renounce Religion


You were on level 2 of the Lair of Beasts.
You worshipped Ru.
Ru was noncommittal.
You were hungry.

You visited 2 branches of the dungeon, and saw 10 of its levels.
You also visited: Sewer.

You collected 495 gold pieces.
You spent 325 gold pieces at shops.

Inventory:

Hand weapons
 l - a +1 mace of distortion
 r - a +1 flail of holy wrath
 B - a +1 mace of protection
 I - a +4 flail (weapon)
 J - a +3 mace
Armour
 a - a +2 buckler of reflection (worn)
 f - a +3 ring mail (worn)
 i - a +0 cloak (worn)
 p - a +1 pair of gloves (worn)
 M - a +0 pair of boots (worn)
Jewellery
 t - a +2 ring of dexterity (right hand)
 H - a +5 ring of dexterity (left hand)
 K - an uncursed ring of protection from cold
Magical devices
 q - a wand of digging (10)
Scrolls
 b - 2 scrolls of teleportation
 h - a scroll of recharging
 n - 2 scrolls of fear
 w - a scroll of magic mapping
 F - 4 scrolls of identify
Potions
 c - 2 potions of resistance
 g - 6 potions of curing
 v - 5 potions of brilliance
 C - a potion of agility
 D - 2 potions of magic {unknown}
 L - a potion of lignification
 N - a potion of cancellation
Miscellaneous
 d - a lamp of fire
Comestibles
 e - 2 bread rations
 j - 2 beef jerkies
 k - 24 fruits
 m - 2 meat rations
 s - 3 slices of pizza
 A - a royal jelly


   Skills:
 + Level 9.3 Fighting
 + Level 10.8 Maces & Flails
 + Level 7.6 Armour
 + Level 10.4 Dodging
 + Level 10.6 Shields


You had 10 spell levels left.
You didn't know any spells.

Dungeon Overview and Level Annotations

Branches:
Dungeon (9/15)             Temple (0/1) D:4            Lair (2/8) D:8
    Orc: D:9-12

Altars:
Kikubaaqudgha
Makhleb
Qazlal
Ru
Trog
Xom
The Shining One

Shops:
D:9 !


Innate Abilities, Weirdness & Mutations

You reflexively headbutt those who attack you in melee.
You have a pair of horns on your head.
You cannot be stealthy.
You have large cloven feet.
Your mind is acute. (Int +2)
You are somewhat resistant to further mutation.


Message History

The eight-headed hydra bites you!
* * * LOW HITPOINT WARNING * * *
The eight-headed hydra completely misses you.
The eight-headed hydra bites you.
* * * LOW HITPOINT WARNING * * *
You block the eight-headed hydra's attack.
The eight-headed hydra closely misses you.
You block the eight-headed hydra's attack.
The eight-headed hydra completely misses you.
You sock the soldier ant!
You headbutt the soldier ant, but do no damage.
The soldier ant is moderately wounded.
You block the soldier ant's attack.
The eight-headed hydra closely misses you.
You furiously retaliate!
You headbutt the eight-headed hydra!
The eight-headed hydra completely misses you.
The eight-headed hydra bites you.
* * * LOW HITPOINT WARNING * * *
The eight-headed hydra bites you.
You die...

#..a###.aa##.#.P# #.
#..#..# #.#..P. ..
#...####...... ##.
#'''#..†......
##..####...........##
#.#..##...........†.#
##. ..#...............
##..##.D...............
#...†.@a..............#
##.....................
#.#P.................#
####P.............##...
#............P..#.####.
##...##...>P.##..#.# ##
#######....####.### #.
#...## ### ## #P##.#


You could see an eight-headed hydra and a soldier ant.

Vanquished Creatures
  2 hydras (Lair:1)
  A queen ant (Lair:2)
  The ghost of ithil the Blocker, an experienced DDFi of Okawaru (D:9)
  Psyche (D:8)
  3 spiny frogs
  A komodo dragon (D:8)
  Grinder (D:4)
  5 blink frogs (Lair:1)
  A wyvern (D:9)
  2 hippogriffs
  The ghost of Eleanoora the Chiller, an average MfIE of Vehumet (D:3)
  5 soldier ants
  A porcupine (Lair:2)
  An ice beast (D:8)
  A sky beast (D:3)
  A phantom (D:5)
  A centaur (D:9)
  3 crocodiles
  2 orc warriors
  6 ogres
  6 big kobolds
  A giant frog (D:8)
  Blork the orc (D:6)
  A scorpion (D:5)
  A water moccasin skeleton (D:4)
  5 wights (D:6)
  A crimson imp (D:8)
  4 hounds
  A giant frog skeleton (D:4)
  A jelly (D:9)
  4 orc priests (D:9)
  2 centaur skeletons
  4 orc wizards
  26 worker ants
  6 iguanas
  7 sheep (Lair:2)
  A hound zombie (D:9)
  10 adders
  4 gnolls (D:3)
  5 river rats (Sewer)
  2 shadow imps
  An ooze (D:2)
  3 worms
  26 orcs
  15 bats
  6 giant cockroaches
  5 goblins
  10 hobgoblins
  9 ball pythons
  19 giant geckos
  2 giant newts
  5 jackals
  19 kobolds
  4 quokkas
  34 rats
291 creatures vanquished.

Vanquished Creatures (others)
  2 fungi
  A plant (D:8)
3 creatures vanquished.

Grand Total: 294 creatures vanquished

Notes
Turn   | Place    | Note
--------------------------------------------------------------
     0 | D:1      | karlkraus the Minotaur Fighter began the quest for the Orb.
     0 | D:1      | Reached XP level 1. HP: 19/19 MP: 0/0
    81 | D:1      | Reached XP level 2. HP: 24/27 MP: 1/1
   150 | D:1      | Reached skill level 4 in Shields
   921 | D:2      | Reached XP level 3. HP: 28/33 MP: 2/2
   980 | D:2      | Found a sacrificial altar of Ru.
  1043 | D:2      | Became a worshipper of Ru the Awakened
  1152 | D:2      | Reached skill level 1 in Dodging
  1152 | D:2      | Reached XP level 4. HP: 33/40 MP: 3/3
  1258 | D:2      | Reached skill level 5 in Shields
  1687 | D:3      | Found an ancient bone altar of Kikubaaqudgha.
  1821 | D:3      | Reached XP level 5. HP: 26/46 MP: 4/4
  1889 | D:3      | Noticed Eleanoora's ghost (average MfIE)
  1913 | D:3      | Noticed a sky beast
  1934 | D:3      | Killed a sky beast
  1943 | D:3      | Gained mutation: You have large cloven feet. [mutagenic meat]
  1944 | D:3      | Gained mutation: Your mind is acute. (Int +2) [mutagenic meat]
  1946 | D:3      | Gained mutation: You are somewhat resistant to further mutation. [mutagenic meat]
  2004 | D:3      | Killed Eleanoora's ghost
  2004 | D:3      | Reached skill level 5 in Armour
  2004 | D:3      | Reached skill level 6 in Shields
  2004 | D:3      | Reached XP level 6. HP: 46/53 MP: 5/5
  2051 | D:3      | Found a burning altar of Makhleb.
  2072 | D:3      | Gained mutation: You cannot be stealthy. [Ru sacrifice]
  2181 | D:4      | Reached XP level 7. HP: 54/60 MP: 6/6
  2196 | D:4      | Found a glowing golden altar of the Shining One.
  2221 | D:4      | Found a staircase to the Ecumenical Temple.
  2403 | D:4      | Noticed Grinder
  2416 | D:4      | Killed Grinder
  2416 | D:4      | Reached skill level 5 in Fighting
  2498 | D:4      | Reached skill level 5 in Maces & Flails
  2558 | D:4      | Noticed a moth of wrath
  2561 | D:4      | Found a bloodstained altar of Trog.
  2697 | D:5      | Entered Level 5 of the Dungeon
  2823 | D:5      | Reached skill level 7 in Shields
  2823 | D:5      | Reached XP level 8. HP: 44/68 MP: 7/7
  2882 | D:5      | Reached skill level 5 in Dodging
  3170 | D:5      | Found a glowing drain.
  3179 | Sewer    | Entered a sewer
  3503 | Sewer    | Reached skill level 8 in Shields
  3752 | D:5      | Found a stormy altar of Qazlal.
  3971 | D:6      | Reached XP level 9. HP: 75/75 MP: 8/8
  4019 | D:6      | Identified a scroll of acquirement
  4148 | D:6      | Noticed Blork the orc
  4159 | D:6      | Killed Blork the orc
  4171 | D:6      | You fall through a shaft for 2 floors!
  4284 | D:8      | Noticed Psyche
  4291 | D:8      | Killed Psyche
  4749 | D:8      | Found a staircase to the Lair.
  4750 | D:8      | Noticed a komodo dragon
  4766 | D:8      | Killed a komodo dragon
  4766 | D:8      | Reached skill level 9 in Shields
  5001 | D:9      | Noticed ithil's ghost (experienced DDFi)
  5029 | D:9      | Killed ithil's ghost
  5029 | D:9      | Reached XP level 10. HP: 76/86 MP: 9/9
  5290 | D:9      | Found Fuoraaff's Distillery.
  5294 | D:9      | Bought a potion of cancellation for 104 gold pieces
  5294 | D:9      | Bought a potion of resistance for 130 gold pieces
  5294 | D:9      | Bought a potion of lignification for 39 gold pieces
  5294 | D:9      | Bought a potion of agility for 52 gold pieces
  5590 | D:9      | Found a shimmering altar of Xom.
  5765 | Lair:1   | Entered Level 1 of the Lair of Beasts
  5929 | Lair:1   | Noticed a six-headed hydra
  5984 | Lair:1   | Reached skill level 10 in Maces & Flails
  6327 | Lair:1   | Killed a six-headed hydra
  6327 | Lair:1   | Reached skill level 10 in Shields
  6648 | Lair:2   | Noticed a four-headed hydra
  6856 | Lair:1   | Killed a four-headed hydra
  6856 | Lair:1   | Reached skill level 10 in Dodging
  6856 | Lair:1   | Reached XP level 11. HP: 60/95 MP: 10/10
  7152 | Lair:2   | Noticed a queen ant
  7172 | Lair:2   | Killed a queen ant
  7487 | Lair:2   | Noticed an eight-headed hydra
  7501 | Lair:2   | HP: 1/97 [eight-headed hydra (14)]
  7503 | Lair:2   | Slain by an eight-headed hydra

Vault maps used:
D:1:      lightli_arrival_boilingwater, hangedman_decor_points
D:2:      wad_river_or_something, lemuel_crystal_altar, serial_glass,
          glass_columns_a, glass_columns_b
D:3:      lemuel_crystal_altar, makhleb_blood_cavern_becter
D:4:      nicolae_tso_carved_into_rock, temple_pool_b, minivault_26, tgw_trog,
          uniq_grinder
D:5:      first_bread, gup_sewer_entry_bubbles, grunt_qazlal_sundering
D:6:      grunt_temple_overflow_octagram, nicolae_ru_sacrificial_ziggurat,
          uniq_blork_the_orc
D:8:      david_lair_shrubbed, blue_anna_alchemist, uniq_psyche
D:9:      kennysheep_little_box, serial_shops, shop, spider_trap
Lair:1:   infiniplex_staircase_pool_2
Lair:2:   zaba_antful_of_joy
Sewer:    sewer_minmay_treatment

Action                   |  1- 3 |  4- 6 |  7- 9 | 10-12 || total
-------------------------+-------+-------+-------+-------++-------
Melee: Flail             |   107 |   146 |   339 |   272 ||   864
Invok: Sacrifice Stealth |       |     1 |       |       ||     1
       Reject Sacrifices |       |       |     1 |     1 ||     2
  Use: Scroll            |       |     5 |    13 |     3 ||    21
       Potion            |       |     1 |     7 |    11 ||    19
 Stab: Invisible         |       |       |     9 |     2 ||    11
  Eat: Chunk             |     1 |     9 |     8 |     8 ||    26
       Fruit             |       |       |     1 |     1 ||     2
